[Event "Titled Tuesday Blitz November 01 Early 2022"]
[White "Villamayor, Buenaventura"]
[Black "Kosteniuk, Alexandra"]
[WhiteFideId "5200393"]
[BlackFideId "4128125"]
[WhiteElo "2301"]
[BlackElo "2469"]
[Result "1-0"]
[Round "03"]
[TimeControl "180+1"]
[Date "2022.11.02"]
[WhiteClock "0:00:09"]
[BlackClock "0:00:03"]

1. e4 c6 2. d4 d5 3. Nc3 dxe4 4. Nxe4 Nf6 5. Nxf6+ exf6 6. c3 Bd6 7. Bd3 O-O 8. Qc2 Re8+ 9. Ne2 h5 10. Be3 Nd7 11. O-O Nf8 12. c4 Bb8 13. Rae1 Bg4 14. Ng3 h4 15. Nf5 Qc7 16. g3 Bh3 17. Bf4 Qd7 18. Rxe8 Qxe8 19. Rd1 Bxf4 20. gxf4 Bg4 21. Rc1 Ng6 22. Ne3 Bh5 23. Bxg6 fxg6 24. Re1 Qd7 25. f5 Re8 26. d5 gxf5 27. Qd2 f4 28. Nc2 Qg4+ 29. Kh1 Qf3+ 30. Kg1 h3 31. Rxe8+ Bxe8 32. Ne1 Qg4+ 33. Kf1 Qf5 34. d6 Bd7 35. Nd3 g5 36. b4 Qe4 37. Nc5 Qg2+ 38. Ke1 Qh1+ 39. Ke2 Bg4+ 40. Kd3 Qxh2 41. Kc3 f3 42. d7 Qe5+ 43. Kb3 Bxd7 44. Qxd7 h2 45. Ne6 f5 46. Nxg5 Qf6 47. Qh7+ Kf8 48. Nxf3 b5 49. Qxh2 bxc4+ 50. Kxc4 Qe6+ 51. Kc3 Qxa2 52. Qd6+ Kg8 53. Qxc6 Qxf2 54. Qd5+ Kh8 55. Qxf5 Qe3+ 56. Qd3 Qc1+ 57. Kb3 Qh1 58. Qd4+ Kg8 59. Ne5 Qh3+ 60. Qc3 Qf5 61. Qc4+ Kh8 62. Nd3 Qf3 63. Kc3 a6 64. Qd4+ Kh7 65. Qb6 Qa8 66. Nc5 Qf3+ 67. Kd4 Qf4+ 68. Ne4 Qf5 69. Qxa6 Qd7+ 70. Kc3 Qc7+ 71. Qc4 Qe5+ 72. Qd4 Qf4 73. Nc5 Qf3+ 74. Kc4 Kg8 75. Qd3 Qf4+ 76. Qd4 Qc1+ 77. Kb5 Qf1+ 78. Kc6 Qf3+ 79. Qd5+ 1-0


[Site "https://www.chess.com"]

[Event "Titled Tuesday Blitz November 01 Early 2022"]
[White "Vrbljanac, Aleksandar"]
[Black "Jones, Gawain C B"]
[WhiteFideId "932817"]
[BlackFideId "409561"]
[WhiteElo "2309"]
[BlackElo "2657"]
[Result "1-0"]
[Round "03"]
[TimeControl "180+1"]
[Date "2022.11.01"]
[WhiteClock "0:00:20"]
[BlackClock "0:00:02"]

1. e4 e5 2. Nf3 Nc6 3. Bc4 Nf6 4. d3 h6 5. c3 d6 6. Nbd2 g5 7. O-O Bg7 8. Bb3 Be6 9. Nc4 g4 10. Ne1 d5 11. exd5 Nxd5 12. Ne3 Nce7 13. N1c2 h5 14. Nxd5 Nxd5 15. Ne3 Qd7 16. Qe2 Nf4 17. Qc2 O-O-O 18. Rd1 f5 19. d4 exd4 20. cxd4 Nd5 21. Bxd5 Bxd5 22. Qxf5 Be6 23. Qe4 h4 24. d5 Rhe8 25. Bd2 Bxd5 26. Qxg4 Qxg4 27. Nxg4 h3 28. Bg5 Rd6 29. Ne3 Bxb2 30. Rab1 Bxa2 31. Rxd6 Bxb1 32. Rd1 Be4 33. Bf4 hxg2 34. Nc4 Bf6 35. Rc1 Kd7 36. Rd1+ Kc8 37. Rc1 Bc6 38. Ne3 Be5 39. Bg3 a5 40. Nxg2 a4 41. Ne3 a3 42. Nc4 Bb2 43. Rb1 Re2 44. Nxb2 Rxb2 45. Ra1 a2 46. Be5 Re2 47. f4 b5 48. h4 Kd7 49. h5 Be4 50. h6 Bb1 51. Kf1 Rh2 52. Bg7 Rh1+ 53. Kg2 Rh5 54. Kg3 Ke6 55. Kg4 Rh1 56. f5+ Bxf5+ 57. Kg5 Rxa1 58. Bxa1 c5 59. Kf4 c4 60. Ke3 Kd5 61. Kd2 b4 62. Kc1 c3 63. Kd1 Bh7 64. Kc1 Kc4 65. Kd1 b3 66. Kc1 Kb4 67. Bb2 cxb2+ 68. Kxb2 Kc4 69. Ka1 Kd3 70. Kb2 Kd2 71. Ka1 Bg6 72. h7 Kc1 73. h8=Q Bc2 74. Qb2+ Kd1 75. Qa3 Kd2 76. Qb2 Kd3 77. Qh8 Kd2 78. Kb2 Kd3 79. Qc3+ Ke2 80. Qd4 Kf3 81. Kc1 Be4 82. Qa1 Bc2 83. Kd2 Ke4 84. Qb2 Kf3 85. Ke1 Ke3 86. Qc3+ Bd3 87. Qc1+ Ke4 88. Kd2 Bc2 89. Kc3 Kf3 90. Qe1 Bb1 91. Kb2 Bc2 92. Ka1 Kf4 93. Qf2+ Ke4 94. Qe2+ Kd4 95. Qd2+ Ke4 96. Kb2 Kf3 97. Qc1 Ke2 98. Kc3 Kf3 99. Kd4 Bb1 100. Qb2 Bc2 101. Kc4 Ke3 102. Kc3 Kf3 103. Qc1 Ke4 104. Kb2 Kf3 105. Qe1 Kf4 106. Ka3 Bb1 107. Qb4+ Kg5 108. Qc5+ Kg6 109. Qc6+ Kg5 110. Qd5+ Kg4 111. Qd4+ Kg5 112. Kxb3 Kg6 113. Kb2 Kf5 114. Kc1 Ke6 115. Kd2 Kf5 116. Ke3 Ke6 117. Kf4 Ke7 118. Qe5+ Kd7 119. Kg5 Kc6 120. Kf6 Kb6 121. Ke6 Kc6 122. Ke7 Kb6 123. Kd6 Kb7 124. Qb5+ Kc8 125. Qa6+ Kb8 126. Kc6 Be4+ 127. Kb6 Bd5 128. Qa7+ Kc8 129. Qc7# 1-0


[Site "https://www.chess.com"]

[Event "Titled Tuesday Blitz November 01 Early 2022"]
[White "Vusatiuk, Vladimir"]
[Black "Pultinevicius, Paulius"]
[WhiteFideId "14118610"]
[BlackFideId "12809390"]
[WhiteElo "2208"]
[BlackElo "2500"]
[Result "0-1"]
[Round "03"]
[TimeControl "180+1"]
[Date "2022.11.02"]
[WhiteClock "0:00:15"]
[BlackClock "0:00:36"]

1. Nf3 Nf6 2. c4 g6 3. g3 Bg7 4. Bg2 O-O 5. O-O c6 6. b3 Ne4 7. Nc3 Nxc3 8. dxc3 Bxc3 9. Bh6 Bg7 10. Bxg7 Kxg7 11. Qd4+ Kg8 12. Qh4 d6 13. Qh6 Nd7 14. Ng5 Nf6 15. e4 e5 16. f4 Re8 17. fxe5 Rxe5 18. Rxf6 Qxf6 19. Qxh7+ Kf8 20. Rf1 Bf5 21. exf5 Rxf5 22. Rxf5 gxf5 23. Qh4 Ke7 24. Nf3 Qxh4 25. Nxh4 Kf6 26. Bh3 f4 27. Kf2 fxg3+ 28. hxg3 a5 29. a4 Ra6 30. Bg4 Rb6 31. Bd1 d5 32. cxd5 cxd5 33. Nf3 Rb4 34. Ke3 Ke6 35. Nd4+ Ke5 36. Nf3+ Kd6 37. Nd4 Kc5 38. Ne2 Re4+ 39. Kd3 Re8 40. Nf4 d4 41. g4 Re3+ 42. Kd2 Rg3 43. Nd3+ Kd5 44. Be2 b6 45. Ke1 Kd6 46. Kf2 Rh3 47. Bf3 Rh8 48. Nf4 Rc8 49. Bd5 Ke5 50. Kg3 Rc3+ 51. Bf3 Rxb3 52. g5 d3 53. g6 d2 54. gxf7 Rxf3+ 55. Kxf3 d1=Q+ 56. Kg3 Qg1+ 57. Kh4 Qh2+ 58. Nh3 Qa2 59. f8=Q Qxa4+ 60. Kg5 Qb4 61. Qf6+ Ke4 62. Nf4 Qc5+ 63. Kg4 Qg1+ 64. Kh5 Qh2+ 65. Kg4 Qg1+ 66. Kh4 Qf2+ 67. Kg4 Qf3+ 68. Kh4 Qxf4+ 69. Qxf4+ Kxf4 70. Kh3 a4 71. Kg2 a3 72. Kf2 a2 73. Ke2 a1=Q 74. Kd2 Qd4+ 75. Kc2 Qc5+ 76. Kb1 b5 77. Ka2 b4 78. Kb1 Qc3 79. Ka2 b3+ 80. Ka3 b2+ 81. Ka2 Qc2 82. Ka3 Ke3 83. Ka2 b1=Q+ 84. Ka3 Qbb3# 0-1


[Site "https://www.chess.com"]

[Event "Titled Tuesday Blitz November 01 Early 2022"]
[White "Warchol, Kamil"]
[Black "Chan, Kim Yew"]
[WhiteFideId "21858241"]
[BlackFideId "5717981"]
[WhiteElo "2001"]
[BlackElo "2206"]
[Result "1-0"]
[Round "03"]
[TimeControl "180+1"]
[Date "2022.11.02"]
[WhiteClock "0:00:05"]
[BlackClock "0:00:15"]

1. e4 c5 2. Nf3 e6 3. d4 cxd4 4. Nxd4 Nc6 5. Nc3 Qc7 6. g3 a6 7. Bg2 Nf6 8. O-O Nxd4 9. Qxd4 Bc5 10. Bf4 d6 11. Qd2 h6 12. Rad1 e5 13. Be3 Be6 14. Bxc5 dxc5 15. Rfe1 O-O 16. Nd5 Bxd5 17. exd5 Qd6 18. Re3 Rfe8 19. Rde1 Re7 20. f4 e4 21. Bxe4 Rae8 22. Bf3 Kf8 23. c4 b6 24. b3 Nd7 25. Kf2 Qf6 26. Rxe7 Rxe7 27. Rxe7 Kxe7 28. Bg4 Nf8 29. Kg2 Kd6 30. Qe2 Qe7 31. Qxe7+ Kxe7 32. Kf2 Nh7 33. Ke3 Nf6 34. Bf3 Ne8 35. g4 g5 36. h3 Nd6 37. Be2 Nb7 38. Bd3 Nd6 39. Kf3 Kf6 40. Kg3 Kg7 41. h4 f6 42. Bc2 Kf7 43. Bd3 Ke7 44. h5 Nb7 45. Kf3 Kd6 46. fxg5 fxg5 47. Ke4 Ke7 48. Kf5 Nd6+ 49. Kg6 Nf7 50. Bf5 Nd6 51. Kxh6 Kf6 52. Be6 b5 53. cxb5 axb5 54. Kh7 c4 55. bxc4 bxc4 56. h6 c3 57. Kg8 c2 58. h7 c1=Q 59. h8=Q+ Ke7 60. Qg7+ 1-0


[Site "https://www.chess.com"]

[Event "Titled Tuesday Blitz November 01 Early 2022"]
[White "Weetik, Vjacheslav"]
[Black "Svane, Rasmus"]
[WhiteFideId "4153472"]
[BlackFideId "4657101"]
[WhiteElo "2469"]
[BlackElo "2674"]
[Result "1-0"]
[Round "03"]
[TimeControl "180+1"]
[Date "2022.11.01"]
[WhiteClock "0:00:08"]
[BlackClock "0:00:12"]

1. e4 c6 2. d4 d5 3. e5 Bf5 4. h4 h5 5. Bg5 Qb6 6. Bd3 Qxd4 7. Nf3 Qg4 8. Bxf5 Qxf5 9. c4 Qe4+ 10. Be3 Qxc4 11. e6 fxe6 12. Nbd2 Qd3 13. Ne5 Qf5 14. Ndf3 Nf6 15. Qb3 b6 16. O-O Nfd7 17. Bd4 c5 18. Rac1 a6 19. Rfe1 Rh6 20. Bxc5 Nxc5 21. Rxc5 Nd7 22. Nxd7 Kf7 23. Ng5+ Kg8 24. Qxb6 e5 25. Qb7 Rd8 26. Qxd5+ e6 27. Qc6 Rxd7 28. Rcxe5 Rd6 29. Qe8 Qg4 30. Qf7+ 1-0


[Site "https://www.chess.com"]

[Event "Titled Tuesday Blitz November 01 Early 2022"]
[White "Wieczorek, Oskar"]
[Black "Viana Da Costa, Fernando"]
[WhiteFideId "1133950"]
[BlackFideId "2111900"]
[WhiteElo "2404"]
[BlackElo "2277"]
[Result "1-0"]
[Round "03"]
[TimeControl "180+1"]
[Date "2022.11.02"]
[WhiteClock "0:02:22"]
[BlackClock "0:01:12"]

1. e4 c5 2. Nf3 Nc6 3. b4 cxb4 4. d4 d5 5. exd5 Qxd5 6. c4 bxc3 7. Nxc3 Qa5 8. Rb1 Qxc3+ 9. Bd2 Qa3 10. d5 Nb8 11. Qc2 Na6 12. Bb5+ Kd8 13. Ne5 1-0


[Site "https://www.chess.com"]

[Event "Titled Tuesday Blitz November 01 Early 2022"]
[White "Winkels, Marcel"]
[Black "Ismayil, Malak"]
[WhiteFideId "1003887"]
[BlackFideId "13412604"]
[WhiteElo "1900"]
[BlackElo "1879"]
[Result "0-1"]
[Round "03"]
[TimeControl "180+1"]
[Date "2022.11.02"]
[WhiteClock "0:00:17"]
[BlackClock "0:00:53"]

1. e4 e5 2. Nf3 Nc6 3. Bc4 Bc5 4. b4 Bxb4 5. c3 Ba5 6. d4 exd4 7. O-O d6 8. cxd4 Nf6 9. e5 dxe5 10. dxe5 Qxd1 11. Rxd1 Ne4 12. Bd5 Nc5 13. Ba3 Ne6 14. Nbd2 Bd7 15. Rab1 Bb6 16. Ne4 O-O-O 17. Bb2 h6 18. a4 Rhf8 19. Bc3 Nf4 20. Bxc6 Bxc6 21. Ng3 Nd3 22. a5 Bxf2+ 23. Kf1 Bc5 24. Nf5 g6 25. Nxh6 a6 26. Ng4 Bb5 27. Rxb5 axb5 28. Nf6 b4 29. Bd2 Be7 30. Bg5 Nc5 31. Rc1 Ne6 32. Bh4 b3 33. Rb1 Nd4 34. Nxd4 Rxd4 35. Rxb3 Rxh4 0-1


[Site "https://www.chess.com"]

[Event "Titled Tuesday Blitz November 01 Early 2022"]
[White "Xie, Bryan"]
[Black "Luxama, Jacques Muller"]
[WhiteFideId "30941296"]
[BlackFideId "11900113"]
[WhiteElo "2033"]
[BlackElo "1931"]
[Result "1-0"]
[Round "03"]
[TimeControl "180+1"]
[Date "2022.11.02"]
[WhiteClock "0:00:11"]
[BlackClock "0:00:10"]

1. d4 Nf6 2. Bg5 e6 3. e4 Be7 4. Nc3 d5 5. e5 Nfd7 6. Bxe7 Qxe7 7. f4 a6 8. Nf3 c5 9. Qd2 Nc6 10. Nd1 cxd4 11. Nxd4 Nxd4 12. Qxd4 Qc5 13. Qd2 b5 14. c3 Bb7 15. Ne3 g6 16. Nc2 g5 17. Nd4 gxf4 18. Qxf4 Qc7 19. Nf3 f6 20. Qg4 O-O-O 21. exf6 Nxf6 22. Qxe6+ Nd7 23. Be2 Rhe8 24. Qg4 Kb8 25. Nd4 Ne5 26. Qg3 Rg8 27. Qh3 Nc4 28. Ne6 Qe5 29. Nxd8 Rxd8 30. Qg3 d4 31. Qxe5+ Nxe5 32. cxd4 Rxd4 33. O-O Rd2 34. Rf2 Rxb2 35. Re1 Rxa2 36. Bxb5 Rxf2 37. Kxf2 Ng6 38. Bd3 Nf4 39. Be4 Ka7 40. Bxb7 Nd3+ 41. Ke2 Nxe1 42. Be4 Nxg2 43. Bxg2 h6 44. Kf3 Kb6 45. Kg4 a5 46. Kh5 Kc5 47. Kxh6 a4 48. Bh3 Kd6 49. Bf1 Kc5 50. Bd3 Kd4 51. Bb1 a3 52. Kg7 Ke3 53. h4 Kf4 54. h5 Kg5 55. h6 a2 56. Bxa2 Kh5 57. h7 Kg5 58. h8=Q 1-0


[Site "https://www.chess.com"]

[Event "Titled Tuesday Blitz November 01 Early 2022"]
[White "Xiong, Jeffery"]
[Black "Goltseva, Ekaterina"]
[WhiteFideId "2047640"]
[BlackFideId "24173770"]
[WhiteElo "2725"]
[BlackElo "2200"]
[Result "1-0"]
[Round "03"]
[TimeControl "180+1"]
[Date "2022.11.02"]
[WhiteClock "0:02:20"]
[BlackClock "0:00:02"]

1. e4 e5 2. Nf3 Nc6 3. Nc3 Nf6 4. d4 exd4 5. Nxd4 Bb4 6. Nxc6 bxc6 7. Bd3 O-O 8. O-O d5 9. exd5 cxd5 10. h3 c6 11. Qf3 h6 12. Bf4 Bd6 13. Ne2 Rb8 14. b3 c5 15. Rad1 d4 16. c3 Bb7 17. Qg3 Nh5 18. Qg4 Nxf4 19. Nxf4 Qg5 20. Qxg5 hxg5 21. Ne2 dxc3 22. Nxc3 Be5 23. Na4 Bd4 24. Rc1 Rbc8 25. Nc3 Rfd8 26. Rfd1 g6 27. Kf1 Rd7 28. Nb5 Rcd8 29. Bc4 a6 30. Nxd4 cxd4 31. Rd2 Kg7 32. Re1 Kf6 33. Rd3 a5 34. f3 Kf5 35. Kf2 Ra8 36. Kg3 Rh8 37. Bb5 Rd5 38. Bc4 Rd7 39. Bb5 Rd5 40. a4 Re5 41. Rc1 Re3 42. Rxd4 Rxb3 43. Rc7 Bc8 44. Rxf7+ Ke6 45. Bc4+ Ke5 46. Re4+ 1-0


[Site "https://www.chess.com"]

[Event "Titled Tuesday Blitz November 01 Early 2022"]
[White "Yuan, Qingyu"]
[Black "Sarana, Alexey"]
[WhiteFideId "8609772"]
[BlackFideId "24133795"]
[WhiteElo "2359"]
[BlackElo "2689"]
[Result "0-1"]
[Round "03"]
[TimeControl "180+1"]
[Date "2022.11.01"]
[WhiteClock "0:00:04"]
[BlackClock "0:00:15"]

1. e4 c5 2. Nf3 d6 3. Bb5+ Bd7 4. c4 Nf6 5. Nc3 g6 6. O-O Bg7 7. Bxd7+ Nbxd7 8. d3 O-O 9. h3 Ne5 10. Be3 Nxf3+ 11. Qxf3 Nd7 12. Qe2 Ne5 13. Rab1 Nc6 14. a3 e6 15. Qd2 Rc8 16. b4 b6 17. Ne2 Re8 18. Rfc1 Qd7 19. d4 cxd4 20. Nxd4 Ne5 21. Qe2 d5 22. cxd5 exd5 23. Qb5 dxe4 24. Qxd7 Nxd7 25. Nb5 a5 26. Nd6 Rxc1+ 27. Rxc1 Re6 28. Rc8+ Bf8 29. bxa5 bxa5 30. Nc4 Kg7 31. Bd4+ Kh6 32. Rd8 Rc6 33. Nxa5 Rc7 34. g3 Bxa3 35. Kg2 f5 36. Re8 Bc5 37. Bb2 Nb6 38. Nb3 Na4 39. Be5 Rb7 40. Nxc5 Nxc5 41. h4 Nd3 42. Bd4 Kh5 43. Re6 h6 44. Rd6 Rb1 45. Be3 Ne1+ 46. Kh3 Nf3 47. Rc6 Rh1+ 48. Kg2 Rh2+ 49. Kf1 g5 50. hxg5 hxg5 51. Rc8 Rh1+ 52. Ke2 Re1# 0-1


[Site "https://www.chess.com"]

[Event "Titled Tuesday Blitz November 01 Early 2022"]
[White "Yurovskykh, Oleksandr"]
[Black "Yeritsyan, Hayk"]
[WhiteFideId "14134020"]
[BlackFideId "13307320"]
[WhiteElo "2303"]
[BlackElo "2407"]
[Result "1-0"]
[Round "03"]
[TimeControl "180+1"]
[Date "2022.11.02"]
[WhiteClock "0:00:20"]
[BlackClock "0:00:02"]

1. d4 d5 2. Bf4 Nf6 3. e3 e6 4. Nd2 c5 5. c3 Nc6 6. Ngf3 Bd6 7. Bg3 Qe7 8. Ne5 Qc7 9. f4 O-O 10. Bd3 Nd7 11. O-O f6 12. Bxh7+ Kxh7 13. Qh5+ Kg8 14. Ng6 f5 15. Nf3 Nf6 16. Qh8+ Kf7 17. Nxf8 Bxf8 18. Bh4 Bd7 19. Bxf6 gxf6 20. Qh5+ Ke7 21. Nh4 Re8 22. Ng6+ Kd8 23. Qh8 Be7 24. Qg7 Qd6 25. Nxe7 Qxe7 26. Qxe7+ Rxe7 27. dxc5 Na5 28. b3 Kc7 29. Rf3 Rg7 30. Rh3 Kd8 31. Rd1 Ke7 32. Rh8 Nc6 33. b4 a6 34. a3 Na7 35. Rb8 Bc6 36. g3 Nb5 37. Rc1 Nxa3 38. Rh8 Kd7 39. Kf2 Nc4 40. Ke2 Bb5 41. Kf2 Bc6 42. Ra1 Rf7 43. Rg8 Kc7 44. Rh8 Nd2 45. Rc1 Ne4+ 46. Kf3 Kd7 47. h4 Rg7 48. Rg1 Nd2+ 49. Ke2 Ne4 50. h5 Nxc3+ 51. Kd3 Ne4 52. h6 Rf7 53. h7 Bb5+ 54. Kc2 Kc7 55. Rh1 Nxg3 56. Rh6 Ne2 57. Ra8 Rxh7 58. Rxh7+ Kc6 59. Rc8# 1-0


[Site "https://www.chess.com"]

[Event "Titled Tuesday Blitz November 01 Early 2022"]
[White "Zacurdajev, Dmitry"]
[Black "Pinheiro, Iung Alicio de O."]
[WhiteFideId "4196309"]
[BlackFideId "2104350"]
[WhiteElo "2179"]
[BlackElo "2283"]
[Result "0-1"]
[Round "03"]
[TimeControl "180+1"]
[Date "2022.11.02"]
[WhiteClock "0:00:10"]
[BlackClock "0:00:07"]

1. d4 Nf6 2. c4 g6 3. Nc3 Bg7 4. e4 d6 5. Be2 O-O 6. Nf3 Nbd7 7. O-O e5 8. Be3 c6 9. Qc2 Qe7 10. a3 h6 11. Rfd1 Ng4 12. Bc1 exd4 13. Nxd4 Bxd4 14. Bxg4 Bg7 15. Bxd7 Bxd7 16. Bf4 Be5 17. Bxe5 dxe5 18. Rd2 Be6 19. b3 Kg7 20. Rad1 Qxa3 21. Na4 Qe7 22. b4 Qxb4 23. Nb2 Qe7 24. Nd3 f6 25. c5 Rad8 26. Qb2 Rd4 27. Nf4 Rxd2 28. Nxe6+ Qxe6 29. Rxd2 Rf7 30. h4 Rd7 31. g3 h5 32. Rd6 Rxd6 33. cxd6 Qd7 34. Qa3 Kf7 35. Qxa7 Ke6 36. Qb8 Qxd6 37. Qxb7 Qd7 38. Qb8 Kf7 39. Qh8 Qg4 40. Qh7+ Ke6 41. Qg8+ Kd6 42. Qf8+ Kc7 43. Qxf6 Qxe4 44. Qe7+ Kb6 45. Qd8+ Kb5 46. Qb8+ Kc4 47. Qe8 Qe1+ 48. Kg2 Qe4+ 49. Kg1 c5 50. Kf1 Kc3 51. Qf7 Qc4+ 52. Kg2 Qxf7 0-1


[Site "https://www.chess.com"]

[Event "Titled Tuesday Blitz November 01 Early 2022"]
[White "Zaichenko, Daria"]
[Black "Najdin, Danil"]
[WhiteFideId "4197453"]
[BlackFideId "4172426"]
[WhiteElo "2039"]
[BlackElo "2240"]
[Result "0-1"]
[Round "03"]
[TimeControl "180+1"]
[Date "2022.11.02"]
[WhiteClock "0:00:17"]
[BlackClock "0:00:30"]

1. e4 c5 2. Nf3 Nc6 3. d4 cxd4 4. Nxd4 Nf6 5. Nc3 e5 6. Ndb5 d6 7. Bg5 a6 8. Na3 b5 9. Nd5 Be7 10. Bxf6 Bxf6 11. c3 O-O 12. Nc2 Bg5 13. h4 Bh6 14. g4 Bf4 15. Qf3 Be6 16. Nxf4 exf4 17. Be2 Qf6 18. g5 Qe5 19. O-O-O Bxa2 20. Nd4 Rfc8 21. Nxc6 Rxc6 22. h5 b4 23. Kd2 Re8 24. Bd3 bxc3+ 25. bxc3 Rxc3 26. Rc1 Rec8 27. Rxc3 Qxc3+ 28. Ke2 Bc4 29. Bxc4 Qxc4+ 30. Qd3 f3+ 31. Ke3 Qc5+ 32. Kxf3 Qxg5 33. Ke2 a5 34. Qa6 Rc2+ 35. Kf1 h6 36. Rh3 Rc1+ 37. Ke2 Qg4+ 38. Rf3 Rc2+ 39. Kd3 Qxf3+ 40. Kxc2 Qxe4+ 41. Kb3 Qd5+ 42. Ka4 Qxh5 43. Qc8+ Kh7 44. Qc2+ Qg6 0-1


[Site "https://www.chess.com"]

[Event "Titled Tuesday Blitz November 01 Early 2022"]
[White "Zhigalko, Sergei"]
[Black "Jia, Haoxiang"]
[WhiteFideId "13502956"]
[BlackFideId "8602999"]
[WhiteElo "2662"]
[BlackElo "2644"]
[Result "1-0"]
[Round "03"]
[TimeControl "180+1"]
[Date "2022.11.01"]
[WhiteClock "0:00:16"]
[BlackClock "0:00:51"]

1. e4 c5 2. Nf3 d6 3. d4 cxd4 4. Qxd4 Nf6 5. Nc3 Nc6 6. Bb5 Bd7 7. Bxc6 Bxc6 8. Bg5 e6 9. O-O-O Be7 10. Rhe1 Qa5 11. Kb1 O-O 12. Qd2 Rfd8 13. Nd4 Rac8 14. f3 h6 15. Nd5 Qxd2 16. Nxe7+ Kf8 17. Ng6+ fxg6 18. Bxd2 Kf7 19. Bb4 e5 20. Nb3 Ke6 21. Rd2 b6 22. Nc1 a5 23. Ba3 g5 24. h3 Bb5 25. b3 Ba6 26. c4 b5 27. Red1 Rc6 28. cxb5 Bxb5 29. Nd3 d5 30. Nc5+ Rxc5 31. Bxc5 d4 32. Rc1 Nh5 33. a4 Bd7 34. Ka2 Nf4 35. Bb6 Ra8 36. Rc5 Kf6 37. Bc7 Re8 38. Rxa5 Ng6 39. Ra6+ Kf7 40. Ra7 Rc8 41. a5 Ke6 42. a6 Ne7 43. Bb6 Nc6 44. Rb7 Ra8 45. a7 Bc8 46. Rc7 Kd6 47. Kb2 Nb4 48. Rxg7 Bd7 49. Rh7 Kc6 50. Rxh6+ Kb5 51. Rg6 Bc6 52. Bd8 Rxa7 53. Kb1 Rd7 54. Bf6 d3 55. Rxg5 Na6 56. Bxe5 Kb4 57. Kb2 Nc5 58. Bc3+ Kb5 59. b4 Ra7 60. Rxc5+ Kb6 61. Rxd3 Ra4 62. Rd6 Kb7 63. Rdxc6 Kb8 64. Kb3 Ra7 65. Rc8+ Kb7 66. R8c7+ Ka6 67. Rxa7+ Kxa7 68. Rc6 Kb7 69. b5 Ka7 70. e5 Ka8 71. f4 Kb7 72. f5 Ka7 73. g4 Kb7 74. g5 Kb8 75. h4 Kb7 76. h5 Ka7 77. h6 Ka8 78. g6 Ka7 79. f6 Kb8 80. e6 Kb7 81. e7 Ka7 82. f7 Kb7 83. g7 Ka7 84. h7 Kb7 85. Kc4 Kb8 86. Kd5 Kb7 87. Ke6 Ka7 88. Kd7 Kb7 89. Bd4 1-0


[Site "https://www.chess.com"]

[Event "Titled Tuesday Blitz November 01 Early 2022"]
[White "Zilleruelo Irizarry, Diego"]
[Black "Marin Ramirez, Gerardo"]
[WhiteFideId "3101460"]
[BlackFideId "3901068"]
[WhiteElo "1998"]
[BlackElo "2041"]
[Result "1-0"]
[Round "03"]
[TimeControl "180+1"]
[Date "2022.11.02"]
[WhiteClock "0:01:38"]
[BlackClock "0:00:14"]

1. e4 c5 2. Nf3 d6 3. d4 cxd4 4. Qxd4 a6 5. Be2 Nc6 6. Qe3 e6 7. O-O Nf6 8. Rd1 Qc7 9. c4 Be7 10. Nc3 O-O 11. b3 Nb8 12. Bb2 b6 13. Rac1 Bb7 14. h3 Nbd7 15. Nd4 Rac8 16. Ba3 Qb8 17. f4 Rfe8 18. Bf3 Bf8 19. Kh1 d5 20. Bxf8 dxe4 21. Nxe4 Rxf8 22. Ng5 h6 23. Ne4 Nxe4 24. Bxe4 Bxe4 25. Qxe4 Nf6 26. Qe3 b5 27. cxb5 axb5 28. Nc6 Rc7 29. Nxb8 1-0


[Site "https://www.chess.com"]

[Event "Titled Tuesday Blitz November 01 Early 2022"]
[White "Aarav Dengla"]
[Black "Wieczorek, Oskar"]
[WhiteFideId "45059756"]
[BlackFideId "1133950"]
[WhiteElo "2257"]
[BlackElo "2404"]
[Result "0-1"]
[Round "04"]
[TimeControl "180+1"]
[Date "2022.11.02"]
[WhiteClock "0:00:12"]
[BlackClock "0:00:03"]

1. e4 e5 2. Nf3 Nc6 3. Bb5 a6 4. Ba4 Nf6 5. O-O Be7 6. Re1 b5 7. Bb3 d6 8. c3 O-O 9. h3 a5 10. a4 b4 11. d4 bxc3 12. bxc3 exd4 13. cxd4 d5 14. e5 Ne4 15. Nbd2 Nxd2 16. Bxd2 Nb4 17. Re3 c5 18. dxc5 Bxc5 19. Bxb4 axb4 20. Rd3 Qb6 21. Qe1 Be6 22. Bxd5 Rad8 23. Be4 Rxd3 24. Bxd3 b3 25. a5 Qa7 26. Kf1 Rd8 27. Qe2 b2 28. Rb1 Ba3 29. Ng5 g6 30. Nxe6 fxe6 31. Bc4 Qc5 32. g3 Kg7 33. a6 Rc8 34. Bxe6 Qc1+ 35. Kg2 Qxb1 36. Bxc8 Qc1 37. a7 b1=Q 38. a8=Q Qh1# 0-1


[Site "https://www.chess.com"]

[Event "Titled Tuesday Blitz November 01 Early 2022"]
[White "Aizpurua, Patrick Emilio"]
[Black "Oglaza, Oskar"]
[WhiteFideId "6600522"]
[BlackFideId "1194402"]
[WhiteElo "2378"]
[BlackElo "2204"]
[Result "1-0"]
[Round "04"]
[TimeControl "180+1"]
[Date "2022.11.02"]
[WhiteClock "0:00:05"]
[BlackClock "0:00:05"]

1. d4 Nf6 2. c4 c5 3. Nf3 cxd4 4. Nxd4 e6 5. Nc3 Bb4 6. Bd2 O-O 7. e3 Nc6 8. Bd3 Nxd4 9. exd4 b6 10. Qf3 Rb8 11. O-O Bb7 12. Qh3 d5 13. cxd5 Bxc3 14. bxc3 Qxd5 15. Rae1 Rbd8 16. Re5 Qxa2 17. Bg5 Ba6 18. Bxf6 Bxd3 19. Bxg7 Bxf1 20. Qg3 Bd3 21. Bf6+ Bg6 22. h4 Rd5 23. Qf4 Rxe5 24. Qh6 Qxf2+ 25. Kxf2 Rf5+ 26. Ke3 Rxf6 27. h5 Rf5 28. g4 Rf1 29. hxg6 fxg6 30. Qg5 R8f3+ 31. Ke2 R1f2+ 32. Ke1 Kf7 33. Qb5 Rf1+ 34. Kd2 Rg1 35. Qd7+ Kg8 36. Qxe6+ Kg7 37. Qd7+ Kh6 38. Qd5 Rg2+ 39. Ke1 Rfg3 40. Kf1 Rg1+ 41. Ke2 R1g2+ 42. Kd1 Rg1+ 43. Kc2 R1g2+ 44. Kb3 Rxg4 45. Qf7 g5 46. Qxa7 b5 47. Qb6+ Kh5 48. Qxb5 Kh4 49. Qd7 h5 50. d5 Rg1 51. d6 Rb1+ 52. Kc2 Rf1 53. Qc7 Rf2+ 54. Kb3 Rd2 55. d7 Rg1 56. d8=Q Rxd8 57. Qxd8 Kh3 58. c4 g4 59. c5 g3 60. c6 g2 61. c7 Rb1+ 62. Kc2 g1=Q 63. c8=Q+ Kh2 64. Qh4+ Kg2 65. Qch3# 1-0


[Site "https://www.chess.com"]

[Event "Titled Tuesday Blitz November 01 Early 2022"]
[White "Andreev, Konstantin"]
[Black "Olsen, Filip Boe"]
[WhiteFideId "24239305"]
[BlackFideId "1440640"]
[WhiteElo "2106"]
[BlackElo "2333"]
[Result "1/2-1/2"]
[Round "04"]
[TimeControl "180+1"]
[Date "2022.11.02"]
[WhiteClock "0:00:07"]
[BlackClock "0:00:13"]

1. e4 c5 2. Nf3 a6 3. c4 Nc6 4. d4 cxd4 5. Nxd4 e5 6. Nb3 Nf6 7. Nc3 Bb4 8. Bd3 O-O 9. O-O h6 10. Bd2 d6 11. Qe2 Be6 12. Nd5 Bxd2 13. Qxd2 Rc8 14. Rac1 Nd7 15. Kh1 Nc5 16. Nxc5 dxc5 17. f4 exf4 18. Qxf4 Qg5 19. Qf2 Ne5 20. Be2 Bxd5 21. exd5 b6 22. a3 a5 23. Qf4 Rfe8 24. Qxg5 hxg5 25. Kg1 Rcd8 26. Kf2 Ng6 27. Bg4 Ne5 28. Be2 f5 29. Rfe1 g6 30. b4 axb4 31. axb4 cxb4 32. Rb1 Ra8 33. Rxb4 Ra2 34. Kf1 Rc2 35. Rxb6 Nxc4 36. Bxc4 Rxe1+ 37. Kxe1 Rxc4 38. Rxg6+ Kf7 39. Rxg5 Kf6 40. Rg8 Rd4 41. Rf8+ Ke5 42. Re8+ Kf6 43. Re6+ Kf7 44. Rd6 Ke7 45. Re6+ Kf7 46. Ra6 Rxd5 47. Ke2 Rb5 48. h4 Rb4 49. g3 Kg7 50. Kf3 Rc4 51. Rd6 Rb4 52. Ke3 Rg4 53. Kf3 Ra4 54. Kg2 Rb4 55. Kf3 Ra4 56. Kg2 Rb4 57. h5 Ra4 58. Kh3 Rb4 59. Rg6+ Kf7 60. Rg5 Kf6 61. Rg6+ Kf7 62. Ra6 Kg7 63. Rd6 Ra4 64. Kg2 Rb4 65. Kf3 Ra4 66. Ke3 Rg4 67. Kf3 Ra4 68. Rd5 Kf6 69. h6 Kg6 70. Rd6+ Kh7 71. Kg2 Rb4 72. Kf3 Ra4 73. Ke3 Rb4 74. Rf6 Rg4 75. Kf3 Ra4 76. Kg2 Rb4 77. Kh3 Ra4 78. Rxf5 Kxh6 79. Rf6+ Kg5 80. Rb6 Ra1 81. Rb5+ Kg6 82. Kg4 Ra4+ 83. Kh3 Ra1 84. Rb6+ Kg5 85. Rb5+ Kg6 1/2-1/2


[Site "https://www.chess.com"]